 Dungeon Crawl Stone Soup version 0.31.0-11-ge490571c62 (webtiles) character file.

Game seed: 5912170251835594411

194 qw the Skirmisher (level 5, 0/29 HPs)
             Began as a Deep Elf Hunter on Feb 4, 2024.
             Succumbed to a scorpion's poison
             ... on level 4 of the Dungeon.
             The game lasted 00:00:12 (2757 turns).

qw the Skirmisher (Deep Elf Hunter)                 Turns: 2757, Time: 00:00:13

Health: 0/29       AC:  7    Str:  9 (10) XL:     5   Next: 44%
Magic:  7/7        EV: 10    Int: 14      God:
Gold:   131        SH:  0    Dex: 16 (18) Spells: 4/4 levels left

rFire   . . .        a - +2 shortbow
rCold   . . .        (shield currently unavailable)
rNeg    . . .        b - +0 ring mail
rPois   .            c - +0 helmet
rElec   .            f - +0 cloak
rCorr   .            (no gloves)
SInv    .            (no boots)
Will    .....        (no amulet)
Stlth   +            (no ring)
HPRegen 0.24/turn    (no ring)
MPRegen 0.10/turn

%: no passive effects
@: lethally poisoned (0 -> -21), about to teleport
A: no striking features
a: no special abilities


You were on level 4 of the Dungeon.
You visited 1 branch of the dungeon, and saw 4 of its levels.

You collected 131 gold pieces.


   Skills:
 - Level 1.5 Fighting
 + Level 8.4 Ranged Weapons
 - Level 1.4 Armour
 - Level 2.4 Dodging
 - Level 1.2 Stealth


You had 4 spell levels left.
You didn't know any spells.
Your spell library was empty.

Inventory:

Hand Weapons
 a - a +2 shortbow (weapon)
Armour
 b - a +0 ring mail (worn)
 c - a +0 helmet (worn)
 f - a +0 cloak (worn)
Scrolls
 j - 2 scrolls of teleportation
Potions
 d - 2 potions of haste
 e - a potion of cancellation {unknown}
 g - a potion of attraction {unknown}
 h - 2 potions of enlightenment {unknown}
 l - a potion of magic {unknown}
 n - a potion of mutation {unknown}

Dungeon Overview and Level Annotations

Branches:
Dungeon (4/15)
 Temple: D:4-7

Altars:
Xom


Message History

Found a helmet.
A scorpion comes into view.
You see here a scroll of enchant weapon.
You shoot an arrow. The arrow hits the scorpion.
The scorpion is lightly wounded.
You shoot an arrow.
The arrow hits the scorpion but does no damage.
The scorpion is lightly wounded.
You shoot an arrow.
The arrow hits the scorpion but does no damage.
The scorpion is lightly wounded.
You shoot an arrow. The arrow hits the scorpion.
The scorpion is moderately wounded.
You shoot an arrow. The arrow closely misses the scorpion.
The scorpion stings you.
You shoot an arrow. The arrow hits the scorpion!
The scorpion is almost dead.
The scorpion stings you.
You are poisoned.
The scorpion poisons you!
You shoot an arrow. The arrow hits the scorpion.
The scorpion is almost dead.
You feel very sick. The scorpion stings you.
You are more poisoned.
The scorpion poisons you!
You shoot an arrow.
The arrow hits the scorpion but does no damage.
The scorpion is almost dead.
You feel very sick. The scorpion closely misses you. The scorpion stings you.
You are more poisoned.
The scorpion poisons you!
You shoot an arrow. The arrow closely misses the scorpion.
You feel extremely sick.
The scorpion stings you but does no damage.
2757 ||| READING 3 scrolls of teleportation.
As you read the scroll of teleportation, it crumbles to dust.
You feel strangely unstable.
You die...

###...##......
###.....#.......
#..........# ... ####
###.........##...
#...###.###............
#........#...).....##..
#.........#.##..#......
#..........##.....###
#...s@.....##.....##
#......##..........#
#......##.............
..........###........#..
#.##..................#.
# #........#...#......#
#........##..###.#..#
.............[ .....
#..... .####


You could see a scorpion.

Vanquished Creatures
  A howler monkey (D:4)
  An orc priest (D:3)
  2 adders
  A dart slug (D:3)
  4 orcs (D:3)
  9 ball pythons
  5 endoplasms
  8 giant cockroaches
  8 goblins
  8 hobgoblins
  11 jackals
  4 quokkas (D:1)
  13 bats
  5 frilled lizards
  5 kobolds
  7 rats
92 creatures vanquished.

Notes
Turn   | Place    | Note
-------+----------+-------------------------------------------
     0 | D:1      | qw the Deep Elf Hunter began the quest for the Orb.
     0 | D:1      | Reached XP level 1. HP: 12/12 MP: 3/3
     0 | D:1      | 0 ||| qw: Version: 0.3-a-160-g6735b56
     0 | D:1      | 0 ||| qw: Game counter: 5283
     0 | D:1      | 0 ||| qw: Melee chars always use a shield: true
     0 | D:1      | 0 ||| qw: God list: Okawaru
     0 | D:1      | 0 ||| qw: Allow faded altars: false
     0 | D:1      | 0 ||| qw: Do Orc after clearing Dungeon:15 true
     0 | D:1      | 0 ||| qw: Do second Lair branch before Depths: true
     0 | D:1      | 0 ||| qw: Lair rune preference: random
     0 | D:1      | 0 ||| qw: Goals: Normal
     0 | D:1      | 0 ||| PLANNING D:1-11
    57 | D:1      | Reached XP level 2. HP: 14/16 MP: 4/4
    58 | D:1      | Reached skill level 6 in Ranged Weapons
   191 | D:1      | Found a faded altar of an unknown god.
   308 | D:1      | Reached XP level 3. HP: 20/20 MP: 5/5
   878 | D:1      | 878 ||| UPGRADING to +0 cloak.
   883 | D:1      | 883 ||| UPGRADING to +0 scale mail.
   893 | D:1      | 893 ||| DROPPING +0 leather armour.
   894 | D:1      | 894 ||| READING scroll labelled DEIMOCK TICYAV.
   894 | D:1      | 894 ||| ENCHANTING +0 shortbow.
   895 | D:1      | 895 ||| DROPPING scroll of butterflies.
   999 | D:2      | Reached skill level 7 in Ranged Weapons
  1269 | D:2      | Found a shimmering altar of Xom.
  1347 | D:2      | 1347 ||| UPGRADING to +0 helmet.
  1352 | D:2      | 1352 ||| READING scroll labelled YHIX YNOAS.
  1352 | D:2      | 1352 ||| IDENTIFYING viscous inky potion
  1353 | D:2      | 1353 ||| READING 2 scrolls labelled RIGILICUDI.
  1356 | D:2      | 1356 ||| READING scroll labelled UKHIOL NIF.
  1457 | D:2      | 1457 ||| READING scroll labelled USTROF INGAYCE.
  1458 | D:2      | 1458 ||| DRINKING 2 glowing emerald potions.
  1459 | D:2      | 1459 ||| DRINKING 2 viscous red potions.
  1495 | D:2      | 1495 ||| DROPPING potion of invisibility.
  1496 | D:2      | 1496 ||| DROPPING potion of degeneration.
  1497 | D:2      | 1497 ||| DROPPING potion of lignification.
  1550 | D:3      | 1550 ||| READING scroll of enchant weapon.
  1550 | D:3      | 1550 ||| ENCHANTING +1 shortbow.
  1566 | D:3      | Reached XP level 4. HP: 24/25 MP: 6/6
  1604 | D:3      | Reached skill level 1 in Armour
  2270 | D:3      | 2270 ||| UPGRADING to +0 ring mail.
  2280 | D:3      | 2280 ||| DROPPING +0 scale mail.
  2281 | D:3      | 2281 ||| READING scroll of identify.
  2281 | D:3      | 2281 ||| IDENTIFYING grey potion
  2282 | D:3      | 2282 ||| READING scroll labelled LELYXULETO.
  2283 | D:3      | 2283 ||| DRINKING 2 glowing red potions.
  2284 | D:3      | 2284 ||| FLEEEEING.
  2285 | D:3      | 2285 ||| FLEEEEING.
  2286 | D:3      | 2286 ||| FLEEEEING.
  2287 | D:3      | 2287 ||| FLEEEEING.
  2288 | D:3      | 2288 ||| FLEEEEING.
  2289 | D:3      | 2289 ||| FLEEEEING.
  2290 | D:3      | 2290 ||| FLEEEEING.
  2291 | D:3      | 2291 ||| FLEEEEING.
  2292 | D:3      | 2292 ||| FLEEEEING.
  2293 | D:3      | 2293 ||| FLEEEEING.
  2294 | D:3      | 2294 ||| FLEEEEING.
  2295 | D:3      | 2295 ||| FLEEEEING.
  2296 | D:3      | 2296 ||| FLEEEEING.
  2297 | D:3      | 2297 ||| FLEEEEING.
  2298 | D:3      | 2298 ||| FLEEEEING.
  2299 | D:3      | 2299 ||| STAIRDANCE
  2301 | D:2      | 2301 ||| FLEEEEING.
  2302 | D:2      | 2302 ||| FLEEEEING.
  2303 | D:2      | 2303 ||| FLEEEEING.
  2304 | D:2      | 2304 ||| FLEEEEING.
  2305 | D:2      | 2305 ||| FLEEEEING.
  2306 | D:2      | 2306 ||| FLEEEEING.
  2307 | D:2      | 2307 ||| FLEEEEING.
  2308 | D:2      | 2308 ||| FLEEEEING.
  2309 | D:2      | 2309 ||| FLEEEEING.
  2310 | D:2      | 2310 ||| FLEEEEING.
  2311 | D:2      | 2311 ||| FLEEEEING.
  2312 | D:2      | 2312 ||| FLEEEEING.
  2313 | D:2      | 2313 ||| FLEEEEING.
  2314 | D:2      | 2314 ||| FLEEEEING.
  2315 | D:2      | 2315 ||| FLEEEEING.
  2316 | D:2      | 2316 ||| FLEEEEING.
  2317 | D:2      | 2317 ||| FLEEEEING.
  2318 | D:2      | 2318 ||| FLEEEEING.
  2319 | D:2      | 2319 ||| FLEEEEING.
  2320 | D:2      | 2320 ||| FLEEEEING.
  2321 | D:2      | 2321 ||| FLEEEEING.
  2322 | D:2      | 2322 ||| STAIRDANCE
  2424 | D:1      | 2424 ||| DROPPING potion of berserk rage.
  2467 | D:4      | Reached XP level 5. HP: 19/29 MP: 7/7
  2526 | D:4      | Reached skill level 8 in Ranged Weapons
  2756 | D:4      | HP: 5/29 [poisoned by a scorpion]
  2757 | D:4      | 2757 ||| READING 3 scrolls of teleportation.
  2757 | D:4      | Succumbed to a scorpion's poison

Levels and vault maps discovered:
D:1:      dpeg_arrival_boxes_within_box, layout_basic,
          shapermc_ecumenical_altar_flowoftime, minmay_octomino_j4
D:2:      layout_rooms, basic_altar
D:3:      layout_loops_cross, kennysheep_generic_room_13
D:4:      layout_cave_pools, cheibrodos_worm_habitat

Skill      XL: |  1  2  3  4  5 |
---------------+----------------+-----
Ranged Weapons | 6 7 8 |  8.4
Armour         | 1 |  1.4
Fighting       | |  1.5
Dodging        | |  2.4
Stealth        | |  1.2

Action                     |  1- 3 |  4- 6 || total
---------------------------+-------+-------++-------
   Fire: Shortbow          |   139 |   121 ||   260
    Use: Scroll            |     6 |     3 ||     9
         Potion            |     2 |     1 ||     3
 Armour: Leather armour    |    19 |       ||    19
         Scale mail        |    17 |    35 ||    52
         Ring mail         |       |    39 ||    39
  Dodge: Dodged            |    38 |    58 ||    96

Table legend:
 A = Non-vault XP
 B = Vault XP
 C = Vault XP percentage of total XP
 D = Non-vault monster count
 E = Vault monster count
 F = Vault count percentage of total count
                 A         B        C        D         E       F
            +---------+---------+-------+---------+---------+-------
      Total |     268 |      10 |   3.6 |      86 |       6 |   6.5
            +---------+---------+-------+---------+---------+-------
        D:1 |      49 |       6 |  10.9 |      30 |       4 |  11.8
        D:2 |      36 |       0 |   0.0 |      23 |       0 |   0.0
        D:3 |      93 |       4 |   4.1 |      20 |       2 |   9.1
        D:4 |      90 |       0 |   0.0 |      13 |       0 |   0.0
            +---------+---------+-------+---------+---------+-------
